 Dungeon Crawl Stone Soup version 0.31-a0-1529-g7bd419a0e5 (webtiles) character file.

Game seed: 964615025809638140

84 voltaire321 the Chiller (level 4, -8/32 HPs)
             Began as a Merfolk Ice Elementalist on Jan 1, 2024.
             Mangled by a gnoll
             ... wielding a +0 halberd
              (11 damage)
             ... on level 3 of the Dungeon.
             The game lasted 00:10:14 (2296 turns).

voltaire321 the Chiller (Merfolk Ice Elementalist)  Turns: 2296, Time: 00:10:14

Health: -8/32      AC:  3    Str: 10    XL:     4   Next: 46%
Magic:  1/7        EV: 12    Int: 14    God:
Gold:   94         SH:  4    Dex: 14    Spells: 0/7 levels left

rFire   . . .        j - +0 short sword
rCold   . . .        d - +0 buckler
rNeg    . . .        k - +0 leather armour
rPois   .            (no helmet)
rElec   .            (no cloak)
rCorr   .            (no gloves)
SInv    .            (no boots)
Will    .....        (no amulet)
Stlth   ++           (no ring)
HPRegen 0.25/turn    (no ring)
MPRegen 0.10/turn

%: no passive effects
@: no status effects
A: (nimble swimmer 2), mertail
a: no special abilities


You were on level 3 of the Dungeon.
You visited 1 branch of the dungeon, and saw 3 of its levels.

You collected 94 gold pieces.

Inventory:

Hand Weapons
 j - a +0 short sword (weapon)
Armour
 d - a +0 buckler (worn)
 k - a +0 leather armour (worn)
Scrolls
 c - a scroll of enchant armour {unknown}
 g - 4 scrolls of identify {unknown}
 i - a scroll of teleportation {unknown}
Potions
 b - a potion of magic
 e - a potion of brilliance {unknown}
 f - 4 potions of curing {unknown}


   Skills:
 + Level 1.5 Fighting
 + Level 0.8 Armour
 + Level 3.4 Dodging
 - Level 2.1 Stealth
 + Level 1.1 Shields
 + Level 2.4 Spellcasting
 + Level 4.8 Ice Magic


You couldn't memorise any spells.
You knew the following spells:

 Your Spells              Type           Power      Damage    Failure   Level
a - Freeze                Ice            60%        1d7       6%          1
b - Frozen Ramparts       Ice            30%        1d5       19%         3
c - Ozocubu's Armour      Ice            15%        N/A       19%         3

Your spell library contained the following spells:

 Spells                   Type           Power      Damage    Failure   Level
 Summon Ice Beast         Ice/Summ       8%         N/A       45%         3
 Dazzling Flash           Conj/Hex       2%         N/A       80%         3
 Volatile Blastmotes      Fire/Tloc      2%         2d10      80%         3
 Leda's Liquefaction      Alch/Erth      0%         N/A       99%         4
 Petrify                  Alch/Erth      1%         N/A       99%         4
 Metabolic Englaciation   Hex/Ice        4%         N/A       99%         5
 Conjure Ball Lightning   Conj/Air       0%         3x3d6     100%        6
 Starburst                Conj/Fire      0%         6d3       100%        6
 Discord                  Hex            0%         N/A       100%        8
 Disjunction              Tloc           0%         N/A       100%        8
 Maxwell's Capacitive Co  Air            0%         ∞         100%        8


Dungeon Overview and Level Annotations

Branches:
Dungeon (3/15)

Altars:
Xom


Innate Abilities, Weirdness & Mutations

((You are very nimble when in or above water. (Stealth+, EV+, Speed+++)))
Your lower body shifts to a powerful aquatic tail in water.


Message History

The hound is moderately wounded.
The hound completely misses you. The gnoll closely misses you.
You block the frilled lizard's attack.
You don't have enough magic to cast this spell.
Unknown command.
You miss the hound.
The hound is moderately wounded.
The hound closely misses you. The hound bites you but does no damage.
The gnoll closely misses you. The frilled lizard bites you.
You hit the hound.
The hound is heavily wounded.
The hound bites you. The gnoll closely misses you.
The frilled lizard bites you. The hound barely misses you.
You hit the hound.
The hound is heavily wounded.
The hound bites you. The gnoll barely misses you.
The frilled lizard barely misses you.
You miss the hound.
The hound is heavily wounded.
The hound completely misses you. The gnoll closely misses you.
You block the frilled lizard's attack. You block the hound's attack.
You closely miss the hound.
The hound is heavily wounded.
You block the hound's attack.
The gnoll hits you from afar with a +0 halberd.
The frilled lizard barely misses you. The hound bites you but does no damage.
You hit the hound.
The hound is severely wounded.
An adder comes into view.
The gnoll barely misses you. The frilled lizard barely misses you.
The hound closely misses you.
The gnoll hits you from afar with a +0 halberd!
* * * LOW HITPOINT WARNING * * *
You miss the hound.
The hound is severely wounded.
The hound closely misses you. The frilled lizard barely misses you.
The hound bites you.
* * * LOW HITPOINT WARNING * * *
The gnoll hits you from afar with a +0 halberd!
You die...

...>...# .. #####..####.#.#
....#.....#.#.#
###.#.###.#.#.# #.#.#
#.#.#.# ###.#.# #.#.#.# #
......###.#.#.# .#
###.#.##....#.###########.#
#.........#..h@lg.......####
######....S.########.......#
#....#.# #.#.##### #....#.#
#g#.# #....#.# #.# #
#....#.# #†# ......#.# #.#
###....#.# #.# ...#..##.#
#.#


You could see a hound, a gnoll, an adder (wandering) and a frilled lizard.

Vanquished Creatures
  3 adders
  A dart slug (D:1)
  A ribbon worm (D:3)
  5 orcs (D:3)
  7 bats
  2 endoplasms
  3 goblins
  2 hobgoblins (D:2)
  A jackal (D:3)
  5 quokkas
  5 ball pythons
  6 frilled lizards
  8 kobolds
  3 rats (D:2)
52 creatures vanquished.

Notes
Turn   | Place    | Note
-------+----------+-------------------------------------------
     0 | D:1      | voltaire321 the Merfolk Ice Elementalist began the quest
                  | for the Orb.
     0 | D:1      | Reached XP level 1. HP: 13/13 MP: 3/3
   138 | D:1      | Reached XP level 2. HP: 20/20 MP: 1/5
   688 | D:1      | Reached skill level 1 in Fighting
   964 | D:2      | Reached XP level 3. HP: 22/26 MP: 2/6
  1417 | D:2      | Found a faded altar of an unknown god.
  1751 | D:3      | Reached XP level 4. HP: 16/32 MP: 1/7
  1873 | D:3      | Learned a level 3 spell: Frozen Ramparts
  1877 | D:3      | Learned a level 3 spell: Ozocubu's Armour
  2201 | D:3      | Reached skill level 1 in Shields
  2244 | D:3      | Found a shimmering altar of Xom.
  2296 | D:3      | Mangled by a gnoll

Illustrated notes

Levels and vault maps discovered:
D:1:      tarquinn_simple_flora_water_d, layout_basic,
          chequers_serial_rivers_micro_d, minmay_lizard_pond
D:2:      layout_loops_ring, hellmonk_ecumenical_altar_run_dry
D:3:      layout_basic, xom_confusion_cloud, lemuel_zombie_altar_yredelemnul,
          gammafunk_temple_overflow_elements

Skill      XL: |  1  2  3  4 |
---------------+-------------+-----
Dodging        | 3 |  3.4
Fighting       | 1 |  1.5
Shields        | 1 |  1.1
Armour         | |  0.8
Stealth        | |  2.1
Spellcasting   | |  2.4
Ice Magic      | |  4.8

Action                     |  1- 3 |  4- 6 || total
---------------------------+-------+-------++-------
  Melee: Unarmed           |     2 |       ||     2
         Short sword       |     3 |    20 ||    23
   Cast: Freeze            |    55 |    25 ||    80
    Use: Scroll            |       |     1 ||     1
   Stab: Sleeping          |       |     1 ||     1
 Armour: Robe              |    27 |     3 ||    30
         Leather armour    |       |    23 ||    23
  Dodge: Dodged            |    30 |    37 ||    67
  Block: Buckler           |     6 |    13 ||    19

Table legend: (Time is in decaauts)
 A = Elapsed time spent in this place.
 B = Non-inter-level travel time spent in this place.
 C = Inter-level travel time spent in this place.
 D = Time resting spent in this place.
 E = Time spent auto-exploring this place.
 F = Levels seen in this place.
 G = Mean time per level.
                   A        B        C        D        E       F      G
               +--------+--------+--------+--------+--------+-----+--------+
         Total |   2294 |   2294 |      0 |    381 |   1194 |   3 |  764.7 |
       Dungeon |   2294 |   2294 |      0 |    381 |   1194 |   3 |  764.7 |
               +--------+--------+--------+--------+--------+-----+--------+

Top non-repeatable levels by time:
     D:2: 843 daAuts
     D:1: 828 daAuts
     D:3: 623 daAuts
